 Dungeon Crawl Stone Soup version 0.24.0-125-gc4c63601f3 (webtiles) character file.

Game seed: 10267189115374550642, levelgen mode: deterministic

58 BuffBuff the Shield-Bearer (level 4, 0/23 HPs)
             Began as a Vine Stalker Fighter on Mar 12, 2020.
             Killed by divine providence
             ... invoked by an orc priest
              (10 damage)
             ... on level 3 of the Dungeon.
             The game lasted 00:07:14 (1981 turns).

BuffBuff the Shield-Bearer (Vine Stalker Fighter)   Turns: 1981, Time: 00:07:15

Health: 0/23       AC: 11    Str: 20    XL:     4   Next: 2%
Magic:  0/5        EV:  3    Int:  8    God:
Gold:   141        SH:  9    Dex: 13    Spells: 3/3 levels left

rFire    . . .     SeeInvis .     - Unarmed
rCold    . . .     Gourm    .   b - +0 shield
rNeg     . . .     Faith    .   i - +0 plate armour (curse)
rPois    .         Spirit   +   (no helmet)
rElec    .         Reflect  .   (no cloak)
rCorr    .         Harm     .   (no gloves)
MR       .....                  (no boots)
Stlth    ..........             (no amulet)
HPRegen  0.47/turn              (no ring)
MPRegen  0.09/turn              (no ring)

@: no status effects
A: fangs 2, regeneration 1, magic shield, antimagic bite, no potion heal 3, rot
immunity
a: no special abilities


You were on level 3 of the Dungeon.
You were not hungry.

You visited 1 branch of the dungeon, and saw 3 of its levels.

You collected 141 gold pieces.

Inventory:

Missiles
 n - 60 poisoned darts (quivered)
Armour
 b - a +0 shield (worn)
 i - a cursed +0 plate armour (worn)
Jewellery
 m - an uncursed ring of protection from cold {unknown}
Wands
 t - a wand of paralysis (7)
Scrolls
 e - 2 scrolls of immolation {unknown}
 j - a scroll of blinking {unknown}
 o - a scroll of identify {unknown}
 p - 2 scrolls of enchant armour {unknown}
 q - 2 scrolls of magic mapping {unknown}
 r - a scroll of remove curse {unknown}
Potions
 c - 4 potions of might
 f - a potion of lignification {unknown}
 g - 3 potions of berserk rage {unknown}
 h - a potion of heal wounds {unknown}
 k - 2 potions of curing {unknown}
 l - 4 potions of agility {unknown}
 s - a potion of ambrosia {unknown}
Comestibles
 d - 4 rations
 u - a chunk of flesh


   Skills:
 + Level 2.9 Fighting
 + Level 3.1 Armour
 + Level 3.1 Shields
 * Level 2.7 Unarmed Combat


You had 3 spell levels left.
You didn't know any spells.
Your spell library was empty.

Dungeon Overview and Level Annotations

Branches:
Dungeon (3/15)

Altars:
Dithmenos
Ru
Wu Jian


Innate Abilities, Weirdness & Mutations

You have extremely sharp teeth.
Your natural rate of healing is unusually fast.
When hurt, damage is shared between your health and your magic reserves.
Your bite disrupts and absorbs the magic of your enemies.
Potions cannot restore your health.
You are immune to rotting.


Message History

Your bite misses the orc. The orc hits you with a +0 hand axe.
You hit the orc. You bite the orc.
You kill the orc!
You have reached level 4!
You feel stronger.
You begin to heal more quickly.
The orc priest mumbles some strange prayers to Beogh against you.
Beogh smites you!
You hear a shout!
An orc and an orc priest come into view.
The orc priest shouts!
The orc shouts!
The orc hits you but does no damage. You block the orc priest's attack.
Items here: )) [ รท a +0 hand axe; a +0 scale mail; a +0 club; a hobgoblin skeleton You hit the orc priest.
Your bite misses the orc priest.
The orc priest is moderately wounded.
You block the orc's attack.
The orc priest invokes the aid of Beogh against you.
Beogh smites you!
You die...

.## #.o.# # ..# ##.## #
#.# #.# # #.# #[# # #.#
##'## # ##.## ##o..## #
###.#.###.....## #
####..###.#oo.....#
#######....## ##@o.......#
............# #.[........+
..#####.#....#.#.........#
#.# #.##.##.###.......##
#.# #.####### ##.....##
#.# #<# ##...## #.# #.#
#+## ..# #.# ### ...


You could see 2 orc priests and 2 orcs.

Vanquished Creatures
  An adder (D:2)
  2 worms (D:2)
  2 dart slugs (D:1)
  3 leopard geckos
  An orc (D:3)
  A ball python (D:1)
  2 bats
  3 giant cockroaches
  2 goblins
  6 hobgoblins
  5 kobolds (D:2)
  A quokka (D:2)
  A frilled lizard (D:1)
  A rat (D:1)
31 creatures vanquished.

Notes
Turn   | Place    | Note
-------+----------+-------------------------------------------
     0 | D:1      | BuffBuff the Vine Stalker Fighter began the quest for the
                  | Orb.
     0 | D:1      | Reached XP level 1. HP: 11/11 MP: 2/2
   507 | D:1      | Reached XP level 2. HP: 16/16 MP: 3/3
  1080 | D:2      | Reached XP level 3. HP: 19/19 MP: 4/4
  1296 | D:2      | Found a shadowy altar of Dithmenos.
  1339 | D:2      | Found a faded altar of an unknown god.
  1443 | D:2      | Found an ornate altar of the Wu Jian Council.
  1445 | D:2      | Found a sacrificial altar of Ru.
  1979 | D:3      | Gained mutation: Your natural rate of healing is unusually
                  | fast. [Vine Stalker growth]
  1979 | D:3      | Reached XP level 4. HP: 18/23 MP: 5/5
  1981 | D:3      | Killed from afar by an orc priest

Levels and vault maps discovered:
D:1:      dpeg_arrival_circle_labyrinth_c, layout_basic
D:2:      layout_basic, grunt_temple_overflow_open,
          chequers_ecumenical_altar_island, grunt_dithmenos_smoke
D:3:      layout_loops_corners, first_ration

Skill      XL: |  1  2  3 |
---------------+----------+-----
Shields        | 3 |  3.1
Armour         | 3 |  3.1
Fighting       | |  2.9
Unarmed Combat | |  2.7

Action                   |  1- 3 |  4- 6 || total
-------------------------+-------+-------++-------
Melee: Unarmed           |   138 |     1 ||   139
       Bite              |    46 |       ||    46
Throw: Dart              |     5 |       ||     5
  Eat: Chunk             |     3 |       ||     3
Armor: Scale mail        |     4 |       ||     4
       Plate armour      |    65 |     1 ||    66
Dodge: Dodged            |    12 |       ||    12
Block: Shield            |    52 |     2 ||    54
